 Dungeon Crawl Stone Soup version 0.30-a0-331-g8ab09dc110 (webtiles) character file.

Game seed: 14696325888682803317

3400 purpskrrrp the Cleaver (level 9, -5/83 HPs)
             Began as a Minotaur Fighter on Oct 29, 2022.
             Was a Priest of Okawaru.
             Slain by a sixfirhy (7 damage)
             ... summoned by a kobold demonologist
             ... in a bailey.
             The game lasted 00:17:18 (7125 turns).

purpskrrrp the Cleaver (Minotaur Fighter)           Turns: 7125, Time: 00:17:19

Health: -5/83      AC:  8    Str: 34    XL:     9   Next: 75%
Magic:  8/8        EV: 10    Int:  5    God:    Okawaru [***...]
Gold:   335        SH:  9    Dex:  9    Spells: 8/8 levels left

rFire   + . .      SeeInvis .    r - +0 broad axe (venom)
rCold   + . .      Faith    .    c - +0 buckler
rNeg    . . .      Spirit   .    t - +7 Kryia's mail coat {PotionHeal*2 rC+}
rPois   +          Reflect  +    (helmet restricted)
rElec   .          Harm     .    B - +0 cloak
rCorr   .          Rampage  .    (no gloves)
Will    .....                    (no boots)
Stlth   ..........               j - amulet of the Shining Light {Reflect rF+ Str+2 SH+5}
HPRegen 0.00/turn                k - ring of poison resistance
MPRegen 0.11/turn                s - +6 ring of strength

@: corroded, inhibited regen
A: horns 2, retaliatory headbutt, inhibited regeneration, sturdy frame 1
a: Renounce Religion, Heroism


You were in a bailey.
You worshipped Okawaru.
Okawaru was most pleased with you.
You visited 1 branch of the dungeon, and saw 8 of its levels.
You also visited: Ossuary and Bailey.

You collected 335 gold pieces.

Inventory:

Hand Weapons
 a - a +1 war axe
 r - a +0 broad axe of venom (weapon)
Armour
 b - a +0 scale mail
 c - a +0 buckler (worn)
 f - the +0 ring mail of the Sparrow {Will+ MP+9 Str-5}
   (You found it on level 7 of the Dungeon)

   Str:       It affects your strength (-5).
   MP:        It affects your magic capacity (+9).
   Will:      It increases your willpower.
 n - a +1 chain mail
 t - the +7 Kryia's mail coat (worn) {PotionHeal*2 rC+}
   (You found it on level 5 of the Dungeon)

   Potions are twice as effective at healing its wearer.
   rC:        It protects you from cold.
 B - a +0 cloak (worn)
Jewellery
 j - the amulet of the Shining Light (around neck) {Reflect rF+ Str+2 SH+5}
   (You found it on level 2 of the Dungeon)

   [amulet of reflection]

   It reflects blocked missile attacks.
   Str:       It affects your strength (+2).
   rF:        It protects you from fire.
   SH:        It affects your SH (+5).
 k - a ring of poison resistance (left hand)
 s - a +6 ring of strength (right hand)
 A - a ring of protection from cold
Wands
 y - a wand of flame (12) (quivered)
Scrolls
 g - 4 scrolls of fog
 m - 2 scrolls of silence
 q - a scroll of amnesia
 u - a scroll of teleportation
Potions
 d - 3 potions of might
 e - 5 potions of brilliance
 h - a potion of flight
 i - 4 potions of lignification
 l - a potion of berserk rage
 o - a potion of haste {unknown}
 p - 3 potions of resistance
 w - a potion of curing {unknown}
 x - a potion of heal wounds {unknown}
 z - a potion of ambrosia {unknown}


   Skills:
 + Level 9.1 Fighting
 * Level 12.0 Axes
 + Level 9.1 Armour
 - Level 3.6 Shields


You had 8 spell levels left.
You didn't know any spells.
Your spell library was empty.

Dungeon Overview and Level Annotations

Branches:
Dungeon (8/15)             Temple (0/1) D:7         Ossuary (visited)
 Bailey (1/1)
   Lair: D:8-11

Altars:
Ashenzari
Fedhas
Nemelex Xobeh
Okawaru
Qazlal
Xom

Shops:
D:2 =([[   D:6 *

Annotations:
D:6 3 runed translucent doors, freelancePsychic's ghost, novice OpFi


Innate Abilities, Weirdness & Mutations

You have a pair of horns on your head.
You reflexively headbutt those who attack you in melee.
You do not regenerate when monsters are visible.
Your movements are slightly less encumbered by armour. (ER -2)


Message History

You hear a shout!
An orc comes into view. It is wielding a +0 hand axe.
The rust devil hits you. The rust devil corrodes you!
You hear a shout!
Your Axes skill increases to level 12!
You slash the orc!
You kill the orc!
Okawaru accepts your kill.
You hit the rust devil. The sixfirhy hits you. The sixfirhy shocks you!
* * * LOW HITPOINT WARNING * * *
The rust devil hits you. The rust devil corrodes you!
The soul eater draws from the surrounding life force!
* * * LOW HITPOINT WARNING * * *
As you read the scroll of fear, it crumbles to dust.
You assume a fearsome visage.
The soul eater resists with some effort.
The rust devil looks frightened!
The ufetubus looks frightened!
The sixfirhy looks frightened!
The iron imp looks frightened!
The crimson imp looks frightened!
The crimson imp blinks!
You hit the kobold demonologist.
The kobold demonologist is poisoned.
You headbutt the kobold demonologist.
The kobold demonologist is lightly wounded.
You block the kobold demonologist's attack.
You hit the kobold demonologist.
The kobold demonologist looks as sick as possible!
The kobold demonologist is moderately wounded.
The kobold demonologist hits you with a +0 war axe!
* * * LOW HITPOINT WARNING * * *
You hit the kobold demonologist.
The kobold demonologist looks as sick as possible!
The kobold demonologist is heavily wounded.
The rust devil disappears in a puff of smoke!
The sixfirhy seems to regain its courage.
The kobold demonologist hits you with a +0 war axe!
* * * LOW HITPOINT WARNING * * *
You hit the kobold demonologist but do no damage.
The kobold demonologist looks as sick as possible!
The kobold demonologist is heavily wounded.
The sixfirhy hits you!
You die...

#≈≈≈≈≈~K#### #≈≈≈≈≈~.#..#
#≈≈≈≈≈~.#)) #≈≈≈≈≈5.#
#≈≈S≈3#.### #≈≈≈≈≈#§...
#≈≈≈≈≈#...3 #≈≈≈≈≈#
#.K############### #≈≈≈≈≈#
#.3@.............+
#≈≈≈≈≈######~~~~~~~~~~~~~###
#≈≈≈≈S≈3≈§§≈≈≈≈≈≈≈≈≈≈≈≈≈≈≈≈≈
#≈≈≈≈≈≈≈≈≈≈≈≈≈≈≈≈≈≈≈≈≈≈≈≈≈≈≈
#≈≈≈≈≈≈≈≈≈≈≈≈≈≈≈≈≈≈≈≈≈≈≈≈≈≈≈
#≈≈≈≈≈≈≈≈≈≈≈≈≈≈≈≈≈≈≈≈≈≈≈≈≈≈≈
#≈≈≈≈≈≈≈≈≈≈≈≈≈≈≈≈≈≈≈≈≈≈≈≈≈≈≈
#≈≈≈≈≈≈≈≈≈≈≈≈≈≈≈≈≈≈≈≈≈≈≈≈≈≈≈
#≈≈≈≈≈≈≈≈≈≈≈≈≈≈≈≈≈≈≈≈≈≈≈≈≈≈≈


You could see a soul eater (summoned), a kobold demonologist (extremely
poisoned), a sixfirhy (summoned) and an ufetubus (summoned, fleeing).

Vanquished Creatures
  Joseph (D:7)
  Grinder (D:6)
  Prince Ribbit (D:5)
  A water moccasin (D:7)
  3 orc warriors (Bailey)
  2 sky beasts (D:7)
  2 ice beasts
  3 black bears
  An ogre (D:5)
  A centaur (D:7)
  A bullfrog (D:7)
  A phantom (D:7)
  A necrophage (D:6)
  A scorpion (D:7)
  3 wights (D:7)
  6 electric eels (Bailey)
  2 howler monkeys (D:5)
  2 jellies
  2 hounds (D:7)
  3 orc priests
  Crazy Yiuf (D:7)
  5 iguanas
  4 orc wizards
  A mummy (Ossuary)
  10 adders
  5 gnolls
  2 white imps (D:6)
  An ufetubus (D:5)
  A worm (D:3)
  5 dart slugs
  24 orcs
  7 spectral bats (Ossuary)
  2 bats
  4 endoplasms
  3 giant cockroaches (D:3)
  12 gnoll zombies (Ossuary)
  10 goblins
  5 hobgoblins
  8 jackals
  5 quokkas
  5 ball pythons
  A bat simulacrum (Ossuary)
  A frilled lizard (D:1)
  5 goblin simulacra (Ossuary)
  7 goblin zombies
  4 hobgoblin zombies (Ossuary)
  4 kobolds
  2 kobold simulacra (Ossuary)
  4 kobold zombies (Ossuary)
  4 orc zombies (Ossuary)
  A quokka zombie (D:6)
  4 rats
  A rat simulacrum (Ossuary)
  2 spectral goblins (Ossuary)
  4 spectral rats (Ossuary)
202 creatures vanquished.

Notes
Turn   | Place    | Note
-------+----------+-------------------------------------------
     0 | D:1      | purpskrrrp the Minotaur Fighter began the quest for the
                  | Orb.
     0 | D:1      | Reached XP level 1. HP: 19/19 MP: 0/0
    73 | D:1      | Reached XP level 2. HP: 27/27 MP: 1/1
   140 | D:1      | Reached skill level 3 in Axes
   786 | D:2      | Found Akloez's Antique Armour Shoppe.
   789 | D:2      | Reached XP level 3. HP: 33/33 MP: 2/2
   989 | D:2      | Found Ukiunaom's Antique Weapon Emporium.
   989 | D:2      | Noticed a black bear
   996 | D:2      | Killed a black bear
   997 | D:2      | Reached skill level 4 in Axes
   997 | D:2      | Reached XP level 4. HP: 24/41 MP: 3/3
   997 | D:2      | Reached XP level 5. HP: 28/47 MP: 4/4
  1071 | D:2      | Found Xoytsa's Jewellery Emporium.
  1113 | D:2      | Identified the amulet of the Shining Light {Reflect rF+
                  | Str+2 SH+5}
  1123 | D:2      | Found Zoty's Antique Armour Shoppe.
  1628 | D:3      | Reached skill level 5 in Axes
  1972 | D:3      | Reached skill level 5 in Armour
  1985 | D:3      | Reached skill level 5 in Fighting
  2162 | D:3      | Found a shimmering altar of Xom.
  2163 | D:3      | Noticed an ice beast
  2187 | D:3      | Reached XP level 6. HP: 21/56 MP: 5/5
  2540 | D:3      | Killed an ice beast
  2541 | D:3      | Reached skill level 6 in Axes
  2953 | D:4      | Reached XP level 7. HP: 24/62 MP: 6/6
  3778 | D:5      | Entered Level 5 of the Dungeon
  3961 | D:5      | Reached skill level 7 in Axes
  4255 | D:5      | Found an iron altar of Okawaru.
  4268 | D:5      | Became a worshipper of Warmaster Okawaru
  4279 | D:5      | Noticed Prince Ribbit
  4293 | D:5      | Killed Prince Ribbit
  4299 | D:5      | Gained mutation: You occasionally shout uncontrollably at
                  | your foes. [potion of mutation]
  4480 | D:5      | Reached skill level 8 in Axes
  4502 | D:5      | Found a sparkling altar of Nemelex Xobeh.
  4504 | D:5      | Found a blossoming altar of Fedhas.
  4504 | D:5      | Found a stormy altar of Qazlal.
  4505 | D:5      | Found a broken altar of Ashenzari.
  4810 | D:5      | Reached XP level 8. HP: 71/71 MP: 7/7
  4842 | D:5      | Found the +7 Kryia's mail coat {PotionHeal*2 rC+}
  5113 | D:6      | Found a sand-covered staircase.
  5126 | Ossuary  | Entered an ossuary
  5352 | Ossuary  | Lost mutation: You occasionally shout uncontrollably at
                  | your foes. [potion of mutation]
  5352 | Ossuary  | Gained mutation: You do not regenerate when monsters are
                  | visible. [potion of mutation]
  5352 | Ossuary  | Gained mutation: Your movements are slightly less
                  | encumbered by armour. (ER -2) [potion of mutation]
  5502 | D:6      | Found a runed translucent gate.
  5502 | D:6      | Found a runed translucent gate.
  5503 | D:6      | Found a runed translucent gate.
  5503 | D:6      | Noticed freelancePsychic's ghost (novice OpFi)
  5506 | D:6      | Noticed a manticore
  5534 | D:6      | Found Deklesch's Assorted Antiques.
  5645 | D:6      | Reached * piety under Okawaru
  5691 | D:6      | Reached skill level 9 in Axes
  5758 | D:6      | Noticed Grinder
  5768 | D:6      | Killed Grinder
  5955 | D:7      | Found a runed translucent door.
  5956 | D:7      | Noticed Crazy Yiuf
  6009 | D:7      | Identified the +0 ring mail of the Sparrow {Will+ MP+9
                  | Str-5}
  6098 | D:7      | Reached skill level 10 in Axes
  6160 | D:7      | Reached ** piety under Okawaru
  6161 | D:7      | Reached XP level 9. HP: 81/81 MP: 8/8
  6463 | D:7      | Noticed Joseph
  6472 | D:7      | Killed Joseph
  6472 | D:7      | Reached *** piety under Okawaru
  6473 | D:7      | Reached skill level 11 in Axes
  6589 | D:7      | Found a staircase to the Ecumenical Temple.
  6682 | D:7      | Killed Crazy Yiuf
  6795 | D:8      | Found a flagged portal.
  6807 | Bailey   | Entered a bailey
  7072 | Bailey   | Noticed a kobold demonologist
  7106 | Bailey   | Noticed a rust devil
  7110 | Bailey   | Noticed a soul eater
  7119 | Bailey   | Noticed a sixfirhy
  7120 | Bailey   | Reached skill level 12 in Axes
  7124 | Bailey   | HP: 2/83 [kobold demonologist/+0 war axe (7)]
  7125 | Bailey   | Slain by a sixfirhy

Illustrated notes

Levels and vault maps discovered:
D:1:      eino_arrival_druids_welcome, layout_loops_ring
D:2:      layout_basic, serial_shops, nicolae_square_shop, shop_statue,
          nicolae_lakefront_shop, shop
D:3:      layout_loops_cross, xom_teletrap_fun
D:4:      layout_loops_corners
D:5:      layout_layer_cave, kennysheep_okawaru_gauntlet,
          grunt_temple_overflow_open, uniq_prince_ribbit1
D:6:      layout_gridville, gammafunk_ghost_split, enter_ossuary_4,
          serial_shops, nicolae_shop_overgrown_old_shop, uniq_grinder
D:7:      layout_basic, minmay_temple_entry_statues_fountains,
          uniq_crazy_yiuf_cottage, uniq_joseph
D:8:      layout_basic, enter_bailey_3, minmay_pinched_square
Bailey:   bailey_axe_of_yendor_kennysheep, bailey

Skill      XL: |  1  2  3  4  5  6  7  8  9 |
---------------+----------------------------+-----
Axes           | 3 4 5 6 8 10 12 | 12.0
Fighting       | 4 5 6 7 9 |  9.1
Armour         | 4 5 6 7 9 |  9.1
Shields        | |  3.6

Action                   |  1- 3 |  4- 6 |  7- 9 || total
-------------------------+-------+-------+-------++-------
Melee: War axe           |    55 |   130 |     6 ||   191
       Headbutt          |     3 |    15 |    37 ||    55
       Broad axe         |       |       |   245 ||   245
Invok: Heroism           |       |       |     2 ||     2
Evoke: Wand              |       |       |    14 ||    14
  Use: Scroll            |     1 |     7 |     9 ||    17
       Potion            |       |       |     4 ||     4
Armor: Scale mail        |    32 |    53 |    79 ||   164
       Chain mail        |       |       |    47 ||    47
Dodge: Dodged            |    28 |    54 |    91 ||   173
Block: Buckler           |    17 |    42 |   104 ||   163
       Reflection        |       |       |     5 ||     5

Table legend: (Time is in decaauts)
 A = Elapsed time spent in this place.
 B = Non-inter-level travel time spent in this place.
 C = Inter-level travel time spent in this place.
 D = Time resting spent in this place.
 E = Time spent auto-exploring this place.
 F = Levels seen in this place.
 G = Mean time per level.
                   A        B        C        D        E       F      G
               +--------+--------+--------+--------+--------+-----+--------+
         Total |   7234 |   6758 |    476 |    767 |   4709 |  10 |  723.4 |
       Dungeon |   6558 |   6082 |    476 |    592 |   4543 |   8 |  819.8 |
       Ossuary |    352 |    352 |      0 |      0 |    154 |   1 |  352.0 |
        Bailey |    324 |    324 |      0 |    175 |     12 |   1 |  324.0 |
               +--------+--------+--------+--------+--------+-----+--------+

Top non-repeatable levels by time:
     D:5: 1302 daAuts
     D:3: 1232 daAuts
     D:4: 1077 daAuts
     D:7: 887 daAuts
     D:1: 780 daAuts
     D:2: 766 daAuts
     D:6: 494 daAuts
 Ossuary: 352 daAuts
  Bailey: 324 daAuts
     D:8: 17 daAuts
